Map: Ulrena

Players

zidar

  • Race: Zerg Zerg
  • League: Silver
  • Spawn Location: 11:00

SardonicMe - Winner!

  • Race: Protoss Protoss
  • League: Bronze
  • Spawn Location: 7:00

VOD

Have the link to the VOD?

Description

Time

  • Played on: Nov. 17, 2015, 2:17 p.m.
  • Length: 6:40
Show
View Real Time Build Order
Export as new Build Order

zidar Zerg 

Build Orders: 1 Base Baneling Bust, Pool First 

Get SALT Encoding   

  12  0:02  Drone  
  13  0:09  Drone  
  14  0:18  Overlord  
  14  0:23  Extractor  
  14  0:24  Drone  
  15  0:36  Drone x2  
  17  0:49  Spawning Pool  
  16  0:50  Drone  
  17  1:35  Queen, Extractor  
  18  1:45  Spine Crawler  
  18  1:46  Drone  
  18  1:47  Spine Crawler, Drone  
  18  1:48  Drone  
  19  2:01  Zergling x2  
  19  2:37  Zergling x6  
  22  2:48  Overlord  
  22  2:57  Metabolic Boost  
  22  3:07  Zergling x8  
  26  3:30  Zergling x2  
  26  3:31  Zergling x2  
  28  3:56  Baneling Nest, Drone x3  
  27  4:45  Overlord  
  27  4:46  Overlord x2  
  26  5:09  Zergling x2  
  26  5:10  Zergling x2  
  24  5:45  Hatchery  
  23  6:01  Hatchery  
  21  6:08  Baneling  
  21  6:09  Baneling x4  
Show
View Real Time Build Order
Export as new Build Order

SardonicMe Protoss - Winner!

Build Orders: 1 Gate Expand 

Get SALT Encoding   

  12  0:01  Probe (Chrono Boost)  
  13  0:11  Probe (Chrono Boost)  
  14  0:22  Probe (Chrono Boost)  
  15  0:30  Pylon  
  15  0:49  Gateway  
  15  0:51  Probe (Chrono Boost)  
  16  1:02  Probe (Chrono Boost)  
  17  1:15  Nexus  
  17  1:18  Probe (Chrono Boost)  
  18  1:28  Probe (Chrono Boost)  
  18  1:29  Pylon  
  19  1:36  Zealot (Chrono Boost)  
  21  1:42  Assimilator  
  21  1:50  Forge  
  21  2:00  Zealot (Chrono Boost)  
  23  2:01  Probe  
  24  2:13  Probe, Cybernetics Core  
  25  2:26  Zealot (Chrono Boost)  
  27  2:31  Probe  
  28  2:40  Probe  
  28  2:41  Pylon  
  28  2:43  Probe  
  30  2:49  Warp Gate  
  30  2:51  Probe (Chrono Boost)  
  30  2:56  Probe (Chrono Boost)  
  32  3:03  Probe (Chrono Boost)  
  33  3:07  Probe (Chrono Boost), Photon Cannon  
  34  3:14  Mothership Core (Chrono Boost)  
  34  3:18  Probe (Chrono Boost)  
  34  3:19  Assimilator  
  37  3:25  Stalker  
  39  3:28  Probe (Chrono Boost)  
  39  3:32  Probe (Chrono Boost)  
  41  3:39  Gateway, Probe (Chrono Boost)  
  42  3:42  Probe (Chrono Boost)  
  42  3:43  Gateway  
  43  3:49  Probe (Chrono Boost)  
  43  3:53  Probe (Chrono Boost)  
  45  3:58  Protoss Ground Weapons Level 1 (Chrono Boost)  
  45  4:00  Probe (Chrono Boost)  
  46  4:04  Probe (Chrono Boost)  
  46  4:08  Assimilator  
  47  4:10  Probe (Chrono Boost), Assimilator  
  47  4:14  Probe (Chrono Boost)  
  49  4:21  Probe (Chrono Boost)  
  46  4:32  Gateway  
  46  4:33  Photon Cannon  
  46  4:35  Photon Cannon  
  46  4:36  Probe (Chrono Boost)  
  43  4:40  Gateway  
  43  4:41  Gateway  
  43  4:45  Probe (Chrono Boost)  
  44  4:46  Gateway x2  
  44  4:52  Probe (Chrono Boost), Pylon  
  45  4:56  Probe (Chrono Boost)  
  46  5:05  Pylon  
  46  5:09  Pylon  
  46  5:11  Probe (Chrono Boost)  
  47  5:35  Probe (Chrono Boost)  
  48  5:39  Cybernetics Core  
  48  5:44  Zealot  
  48  5:45  Zealot x5  
  60  6:02  Probe  
  60  6:06  Zealot x4  
  69  6:12  Pylon  
  69  6:13  Pylon  
  69  6:14  Probe  
  69  6:15  Pylon  
  70  6:25  Nexus  
  70  6:28  Pylon  
  70  6:29  Pylon  
Tags
 
Add a new tag
Caveats
  • Supply blocks, unpowered buildings, or Contaminate may cause inaccurate times.
  • Supply counts are checked every 10 seconds.